 Dungeon Crawl Stone Soup version 0.24.0-28-g17ded55e90 (webtiles) character file.

Game seed: 3479104237564816055, levelgen mode: deterministic

56 DavidChitty2 the Covered (level 3, -1/24 HPs)
             Began as a Gargoyle Fighter on Nov 11, 2019.
             Slain by a hobgoblin (2 damage)
             ... led by Robin
             ... on level 2 of the Dungeon.
             The game lasted 00:01:17 (1043 turns).

DavidChitty2 the Covered (Gargoyle Fighter)         Turns: 1043, Time: 00:01:18

Health: -1/24      AC: 16    Str: 20    XL:     3   Next: 95%
Magic:  3/3        EV:  3    Int:  8    God:
Gold:   48         SH:  9    Dex:  9    Spells: 2/2 levels left

rFire    . . .     SeeInvis .   a - +0 flail
rCold    . . .     Gourm    .   c - +0 shield
rNeg     + . .     Faith    .   j - +0 plate armour
rPois    ∞         Spirit   .   (no helmet)
rElec    +         Reflect  .   (no cloak)
rCorr    .         Harm     .   (no gloves)
MR       .....                  g - +0 pair of boots
Stlth    ..........             (no amulet)
HPRegen  0.08/turn              (no ring)
MPRegen  0.08/turn              (no ring)

@: no status effects
A: negative energy resistance 1, electricity resistance, unbreathing,
petrification resistance, rot immunity, AC +3
a: no special abilities


You were on level 2 of the Dungeon.
You were not hungry.

You visited 1 branch of the dungeon, and saw 2 of its levels.

You collected 48 gold pieces.

Inventory:

Hand Weapons
 a - a +0 flail (weapon)
Armour
 c - a +0 shield (worn)
 g - a +0 pair of boots (worn)
   (You found it on level 1 of the Dungeon)
 j - a +0 plate armour (worn)
   (You found it on level 1 of the Dungeon)
Scrolls
 h - a scroll of identify {unknown}
 i - a scroll of amnesia {unknown}
 k - a scroll of fog {unknown}
 l - a scroll of teleportation {unknown}
Potions
 b - a potion of curing {unknown}
 d - a potion of might
Comestibles
 e - 2 rations {!d}
 f - 3 chunks of flesh


   Skills:
 + Level 3.7 Fighting
 * Level 3.0 Maces & Flails
 + Level 3.7 Armour
 + Level 3.7 Shields


You had 2 spell levels left.
You didn't know any spells.
Your spell library was empty.

Dungeon Overview and Level Annotations

Branches:
Dungeon (2/15)

Altars:

Annotations:
D:2 Robin


Innate Abilities, Weirdness & Mutations

You are resistant to torment.
Your stone body is resilient. (AC +3)
You are immune to poison.
You resist negative energy. (rN+)
You are resistant to electric shocks. (rElec)
You can survive without breathing.
You are immune to petrification.
You are immune to rotting.


Message History

You hit Robin.
The goblin no longer looks unusually strong. x2
The goblin hits you but does no damage. x3
The hobgoblin hits you but does no damage.
Your shield and plate armour prevent you from hitting Robin.
You block the goblin's attack. The goblin hits you but does no damage.
Robin roars a battlecry!
The goblins go into a battle-frenzy!
The goblin hits you but does no damage.
The hobgoblin hits you but does no damage.
The goblin hits you but does no damage. Robin hits you but does no damage.
You block the goblin's attack. The goblin hits you but does no damage.
You hit Robin. The hobgoblin hits you.
* * * LOW HITPOINT WARNING * * *
The goblin hits you but does no damage. The goblin completely misses you.
You block Robin's attack. The goblin barely misses you. The hobgoblin hits you.
* * * LOW HITPOINT WARNING * * *
You are too injured to fight recklessly!
You are too injured to fight recklessly!
You are too injured to fight recklessly!
You sock the hobgoblin!
You kill the hobgoblin!
The goblin hits you but does no damage. Robin hits you but does no damage.
The goblin hits you with a +0 club.
* * * LOW HITPOINT WARNING * * *
You closely miss the goblin.
The goblin no longer looks unusually strong.
The goblin hits you.
* * * LOW HITPOINT WARNING * * *
The hobgoblin hits you.
* * * LOW HITPOINT WARNING * * *
The goblin hits you but does no damage. x2
A rat comes into view.
The goblin hits you but does no damage.
The hobgoblin hits you but does no damage.
The goblin hits you but does no damage.
You completely miss the goblin.
Robin roars a battlecry!
The goblin goes into a battle-frenzy!
The goblin hits you but does no damage. x2; The hobgoblin barely misses you.
You block the goblin's attack. Robin hits you but does no damage.
Unknown command.
You barely miss the goblin. The goblin hits you but does no damage.
You block the goblin's attack.
The hobgoblin hits you but does no damage.
The goblin hits you but does no damage.
You closely miss the goblin.
The goblin no longer looks unusually strong.
The goblin hits you but does no damage. x3; The hobgoblin hits you.
You die...

......................#
###..................##.
###...........÷##.......
...................###.
.............(....÷#
.......rg.....((..)## ##
....##ggg##...##....)+ #
.... #ggg##...##...###+#
.g. #gg@##...##..(# #.#
#.gg##..>##...###.##
#...####.##.........
#...# #.##...#.#..#
##### #....#.#...##
####.#.#.### #.#.#.#
#(#.#.# #.#.#.#


You could see Robin, a hobgoblin, 9 goblins and a rat.

Vanquished Creatures
  An ooze (D:1)
  A worm (D:2)
  3 dart slugs (D:1)
  A ball python (D:1)
  5 giant cockroaches (D:1)
  5 goblins
  2 hobgoblins
  A quokka (D:2)
  8 bats
  2 frilled lizards
  6 kobolds
  4 rats (D:1)
39 creatures vanquished.

Notes
Turn   | Place    | Note
-------+----------+-------------------------------------------
     0 | D:1      | DavidChitty2 the Gargoyle Fighter began the quest for the
                  | Orb.
     0 | D:1      | Reached XP level 1. HP: 14/14 MP: 1/1
   264 | D:1      | Reached XP level 2. HP: 19/19 MP: 2/2
   545 | D:1      | Reached XP level 3. HP: 20/23 MP: 3/3
  1019 | D:2      | Noticed Robin
  1040 | D:2      | HP: 1/24 [hobgoblin[Robin] (2)]
  1043 | D:2      | Slain by a hobgoblin

Levels and vault maps discovered:
D:1:      lightli_arrival_maybe_door_vault, layout_loops_ring,
          kennysheep_doodads, minmay_pentomino_s2
D:2:      layout_basic, lemuel_doored_altar, ashenzari_altar_1,
          lemuel_coloured_pillars_altar, uniq_robin

Skill      XL: |  1  2  3 |
---------------+----------+-----
Maces & Flails | 3 |  3.0
Fighting       | |  3.7
Armour         | |  3.7
Shields        | |  3.7

Action                   || total
-------------------------++-------
Melee: Flail             ||   169
  Eat: Chunk             ||     1
Armor: Scale mail        ||    55
       Plate armour      ||    86
Dodge: Dodged            ||    47
Block: Shield            ||   103
